 Dungeon Crawl Stone Soup version 0.30-a0-800-g7c544603b3 (webtiles) character file.

Game seed: 10184049862881222978

483 Aneyh the Poker (level 7, 0/41 HPs)
             Began as a Tengu Monk on Feb 23, 2023.
             Was a Priest of Hepliaklqana.
             Slain by Pikel
             ... wielding a +0 whip of flaming
              (2 damage)
             ... on level 4 of the Dungeon.
             The game lasted 00:04:06 (2270 turns).

Aneyh the Poker (Tengu Monk)                        Turns: 2270, Time: 00:04:07

Health: 0/41       AC:  6    Str: 13    XL:     7   Next: 12%
Magic:  8/8        EV: 16    Int: 10    God:    Hepliaklqana [***...]
Gold:   129        SH:  0    Dex: 17    Spells: 6/6 levels left

rFire   . . .      SeeInvis .    g - +0 scythe
rCold   . . .      Faith    .    (shield currently unavailable)
rNeg    . . .      Spirit   .    b - +0 robe
rPois   .          Reflect  .    (helmet restricted)
rElec   .          Harm     .    (no cloak)
rCorr   .          Rampage  .    (no gloves)
Will    .....                    (boots unavailable)
Stlth   ++                       (no amulet)
HPRegen 0.26/turn                f - +4 ring of protection
MPRegen 0.11/turn                (no ring)

@: flying quickly and evasively, quick
A: reduced essence, beak, talons 3, nimble flight
a: Renounce Religion, Recall Ancestor, Ancestor Identity, Transference


You were on level 4 of the Dungeon.
You worshipped Hepliaklqana.
Hepliaklqana was most pleased with you.
You visited 1 branch of the dungeon, and saw 4 of its levels.

You collected 129 gold pieces.

Inventory:

Hand Weapons
 a - a +0 spear
 g - a +0 scythe (weapon)
Missiles
 k - 5 silver boomerangs (quivered)
Armour
 b - a +0 robe (worn)
 n - a +2 robe of resistance
Jewellery
 f - a +4 ring of protection (left hand)
 j - an amulet of the acrobat
Wands
 q - a wand of digging (3)
Scrolls
 e - a scroll of vulnerability {unknown}
 h - 5 scrolls of teleportation
 l - 2 scrolls of magic mapping {unknown}
 m - a scroll of enchant armour {unknown}
 o - a scroll of noise {unknown}
 p - 2 scrolls of identify
Potions
 c - 2 potions of ambrosia
 d - a potion of curing
 i - 2 potions of attraction {unknown}


   Skills:
 - Level 6.0 Fighting
 + Level 6.4 Polearms
 - Level 3.2 Dodging
 - Level 2.0 Stealth


You had 6 spell levels left.
You didn't know any spells.
Your spell library contained the following spells:

 Spells                   Type           Power      Damage    Failure   Level
 Scorch                   Fire           0%         2d5       50%         2
 Flame Wave               Conj/Fire      0%         2d4       98%         4
 Summon Cactus Giant      Summ           0%         N/A       100%        6


Dungeon Overview and Level Annotations

Branches:
Dungeon (4/15)
 Temple: D:4-7

Altars:
Hepliaklqana
Makhleb

Annotations:
D:4 Pikel


Innate Abilities, Weirdness & Mutations

Your life essence is reduced to manifest your ancestor. (-10% HP)
You have a beak for a mouth.
You have claws for feet.
Your magical nature lets you fly swiftly and evasively.


Message History

You hit the iguana. You claw the iguana.
The iguana is heavily wounded.
The iguana bites you!
The lemure hits Kendra but does no damage.
Kendra hits the iguana with a +0 flail!
The iguana dies!
You reach to attack!
You puncture the lemure!
The lemure is moderately wounded.
Kendra blocks the lemure's attack.
Kendra hits the lemure with a +0 flail!
The lemure hits Kendra.
You closely miss the hobgoblin. Your kick misses the hobgoblin.
Kendra hits the lemure with a +0 flail!
The lemure dies!
The hobgoblin closely misses you.
You puncture the hobgoblin!
You kill the hobgoblin!
Kendra closely misses the lemure.
Kendra blocks the lemure's attack.
Kendra hits the lemure but does no damage.
You miss Pikel. You claw Pikel.
Pikel is lightly wounded.
The lemure hits Kendra but does no damage.
Pikel says, "You'll rot in Tartarus!"
Pikel closely misses you.
Kendra closely misses the lemure.
You hit Pikel but do no damage.
Pikel is lightly wounded.
The lemure barely misses Kendra.
Pikel misses you.
Kendra barely misses the lemure.
You hit Pikel. You claw Pikel, but do no damage.
Pikel is lightly wounded.
Pikel zaps a wand.
The bolt of light hits you!!
The lemure hits Kendra but does no damage.
Kendra closely misses the lemure.
You hit Pikel. Your kick misses Pikel.
Pikel is moderately wounded.
The lemure hits Kendra but does no damage.
The lemure hits you.
Pikel hits you with a +0 whip of flaming!
* * * LOW HITPOINT WARNING * * *
Pikel burns you.
You die...

...............####+##.#
.......[.......# ...>.##
#'#######..##..# ......#
..##..###..##..# .....#
........#......# .....##
........#(.....# .......
..#######..##..# .......
..##...##..######.....#
..+........<...#@5....#
).#............'RK5.....
.###'####..######5......
)###.####.R##..# .....##
.#.............# .....#
.#.............# .......
.'..)..........# .......
.##..###...##'## .....##
.##..###...##..##


You could see the friendly Kendra the knight, Pikel and 3 lemures.

Vanquished Creatures
  Blork the orc (D:4)
  An iguana (D:4)
  2 adders
  2 worms
  A dart slug (D:2)
  9 orcs
  3 ball pythons
  A bat (D:1)
  3 endoplasms
  3 giant cockroaches
  4 goblins
  6 hobgoblins
  A jackal (D:2)
  3 kobolds
  2 quokkas
  2 frilled lizards
  3 rats
47 creatures vanquished.

Vanquished Creatures (collateral kills)
  Sigmund (D:3)
  A lemure (D:4)
  A scorpion (D:4)
  An iguana (D:4)
  An orc wizard (D:3)
  A gnoll (D:2)
  An adder (D:2)
  2 dart slugs
  2 orcs (D:3)
  2 goblins
  A jackal (D:2)
  2 ball pythons
  A kobold (D:4)
  A rat (D:2)
18 creatures vanquished.

Grand Total: 65 creatures vanquished

Notes
Turn   | Place    | Note
-------+----------+-------------------------------------------
     0 | D:1      | Aneyh the Tengu Monk began the quest for the Orb.
     0 | D:1      | Reached XP level 1. HP: 14/14 MP: 2/2
   436 | D:1      | Found a faded altar of an unknown god.
   656 | D:1      | Reached XP level 2. HP: 19/19 MP: 3/3
   872 | D:2      | Found a hazy altar of Hepliaklqana.
   885 | D:2      | Became a worshipper of Hepliaklqana the Forgotten
   885 | D:2      | Reached * piety under Hepliaklqana
   885 | D:2      | Reached ** piety under Hepliaklqana
   889 | D:2      | Remembered your ancestor Kendra as a knight
   907 | D:2      | Reached XP level 3. HP: 11/21 MP: 4/4
  1296 | D:2      | Reached XP level 4. HP: 26/27 MP: 5/5
  1534 | D:3      | Reached skill level 5 in Fighting
  1618 | D:3      | Gained mutation: Your magical nature lets you fly swiftly
                  | and evasively. [Tengu growth]
  1618 | D:3      | Reached XP level 5. HP: 31/31 MP: 6/6
  1648 | D:3      | Noticed Sigmund
  1671 | D:3      | Killed Sigmund
  1672 | D:3      | Reached XP level 6. HP: 28/36 MP: 7/7
  1743 | D:3      | Found a burning altar of Makhleb.
  1840 | D:3      | Reached *** piety under Hepliaklqana
  2005 | D:4      | Reached skill level 5 in Polearms
  2102 | D:4      | Noticed Blork the orc
  2112 | D:4      | Killed Blork the orc
  2236 | D:4      | Reached XP level 7. HP: 39/41 MP: 8/8
  2261 | D:4      | Noticed Pikel
  2270 | D:4      | HP: 2/41 [Pikel/+0 whip of flaming (11)]
  2270 | D:4      | Slain by Pikel

Illustrated notes

Levels and vault maps discovered:
D:1:      nzn_arrival_depleted_hourglass, layout_loops_corners,
          chequers_ecumenical_altar_lobes
D:2:      layout_basic, basic_altar, minmay_tromino_v2
D:3:      layout_basic, lemuel_doored_altar, uniq_sigmund
D:4:      layout_gridville, minmay_temple_entry_butterflies, uniq_blork_the_orc,
          uniq_pikel, uniq_menkaure

Skill      XL: |  1  2  3  4  5  6 |
---------------+-------------------+-----
Fighting       | 4 5 6 |  6.0
Polearms       | 4 6 |  6.4
Dodging        | |  3.2
Stealth        | |  2.0

Action                     |  1- 3 |  4- 6 |  7- 9 || total
---------------------------+-------+-------+-------++-------
  Melee: Spear             |    63 |    49 |       ||   112
         Kick              |     5 |    15 |     4 ||    24
         Peck              |     7 |    11 |       ||    18
         Halberd           |       |    32 |     9 ||    41
  Throw: Boomerang         |       |     3 |       ||     3
 Invoke: Ancestor Life: Kn |     1 |       |       ||     1
         Recall Ancestor   |     1 |       |       ||     1
    Use: Scroll            |       |     2 |       ||     2
   Stab: Sleeping          |     4 |     8 |       ||    12
         Distracted        |       |     1 |       ||     1
 Armour: Robe              |    21 |     5 |       ||    26
  Dodge: Dodged            |    44 |    47 |     4 ||    95

Table legend: (Time is in decaauts)
 A = Elapsed time spent in this place.
 B = Non-inter-level travel time spent in this place.
 C = Inter-level travel time spent in this place.
 D = Time resting spent in this place.
 E = Time spent auto-exploring this place.
 F = Levels seen in this place.
 G = Mean time per level.
                   A        B        C        D        E       F      G
               +--------+--------+--------+--------+--------+-----+--------+
         Total |   2228 |   2157 |     71 |    136 |   1575 |   4 |  557.0 |
       Dungeon |   2228 |   2157 |     71 |    136 |   1575 |   4 |  557.0 |
               +--------+--------+--------+--------+--------+-----+--------+

Top non-repeatable levels by time:
     D:1: 887 daAuts
     D:2: 547 daAuts
     D:3: 517 daAuts
     D:4: 275 daAuts
